 Dungeon Sprint DCSS version 0.24-a0-246-gb963c9a (webtiles) character file.

Game seed: 1045598471270925584

1553 MikeHunt the Geomancer (level 8, -2/80 HPs)
             Began as a Deep Dwarf Earth Elementalist on Apr 12, 2019.
             Was a Believer of Makhleb.
             Killed from afar by a ynoxinul (23 damage)
             ... with an iron shot
             ... summoned by an orc high priest
             ... in the Dungeon (Sprint III: "The Ten Rune Challenge").
             The game lasted 00:08:34 (936 turns).

MikeHunt the Geomancer (DDEE)                        Turns: 936, Time: 00:08:35

Health: -2/80      AC:  4    Str:  9    XL:     8   Next: 57%
Magic:  5/15       EV: 17    Int: 19    God:    Makhleb [**....]
Gold:   37         SH:  0    Dex: 13    Spells: 8/17 levels left

rFire    . . .     SeeInvis .   k - +3 dagger (venom)
rCold    . . .     Gourm    .   (no shield)
rNeg     . . .     Faith    .   c - +0 robe
rPois    .         Spirit   .   (helmet restricted)
rElec    .         Reflect  .   (no cloak)
rCorr    .         Harm     .   (no gloves)
MR       +....     NoTele   +   (no boots)
Stlth    ++........             (no amulet)
HPRegen  0.00/turn              (no ring)
MPRegen  0.14/turn              (no ring)

@: non-regenerating
A: damage resistance, heal wounds, horns 2, molten scales 1, sense surroundings
1, weak 1, no regeneration
a: Heal Wounds, Minor Destruction, Renounce Religion


You were in the Dungeon.
You worshipped Makhleb.
Makhleb was pleased with you.
You were not hungry.

You visited 1 branch You collected 37 gold pieces.

Inventory:

Hand Weapons
 k - a +3 dagger of venom (weapon)
Missiles
 b - 3 stones (quivered)
Armour
 c - a +0 robe (worn)
Scrolls
 m - a scroll of torment {unknown}
 n - 3 scrolls of identify {unknown}
 o - a scroll of magic mapping {unknown}
 q - a scroll of holy word {unknown}
 r - a scroll of remove curse {unknown}
Potions
 a - a potion of might
 e - a potion of curing
 f - 2 potions of heal wounds
 g - a potion of haste
 h - 2 potions of magic
 i - 3 potions of berserk rage
 p - 3 potions of flight
 s - a potion of invisibility {unknown}
Comestibles
 d - 3 rations
 j - 2 chunks of flesh {@w1}


   Skills:
 - Level 7.3 Fighting
 - Level 9.1 Dodging
 - Level 2.4 Stealth
 - Level 5.2 Spellcasting
 - Level 6.5 Conjurations
   Level 0.8 Transmutations
 - Level 14.5 Earth Magic
 + Level 6.7 Invocations


You had 8 spell levels left.
You knew the following spells:

 Your Spells              Type           Power        Failure   Level  Hunger
e - Sandblast             Erth           ######       1%          1    None
r - Stone Arrow           Conj/Erth      #####.       1%          3    ##.....
t - Lee's Rapid Deconstr  Erth           ######....   1%          5    #####..

Your spell library contained the following spells:

 Spells                   Type           Power        Failure   Level  Hunger
 Passwall                 Tmut/Erth      ####....     1%          2    None
 Petrify                  Tmut/Erth      ####....     4%          4    ####...
 Confusing Touch          Hex            #.....       12%         1    None
 Confuse                  Hex            #.......     36%         3    ##.....
 Gell's Gravitas          Tloc           #.........   36%         3    ##.....
 Yara's Violent Unravell  Hex/Tmut       #.........   95%         5    #####..
 Metabolic Englaciation   Hex/Ice        #.........   98%         5    #####..


Dungeon Overview and Level Annotations

Branches:
Dungeon (1/1)

Altars:
Cheibriados
Dithmenos
Elyvilon
Fedhas
Gozag
Hepliaklqana
Kikubaaqudgha
Makhleb
Nemelex Xobeh
Okawaru
Qazlal
Ru
Sif Muna
Trog
Uskayaw
Vehumet
Wu Jian
Xom
Yredelemnul
Zin
The Shining One
Beogh
Jiyva
Lugonu


Innate Abilities, Weirdness & Mutations

You are resistant to damage.
You can heal yourself by infusing magical energy.
You passively map a small area around you.
You do not regenerate.
You have a pair of horns on your head.
You are partially covered in molten scales. (AC +2)
You are weak. (Str -2)


Message History

Aiming: Stone Arrow (safe; 1% risk of failure)
Press: ? - help, Shift-Dir - straight line, f/p - orc high priest
Aim: an orc high priest, wielding a +0 flail and wearing a +0 chain mail The stone arrow hits the orc high priest!
The orc high priest is lightly wounded.
The sixfirhy completely misses you. The sixfirhy hits you!
The sixfirhy shocks you!
* * * LOW HITPOINT WARNING * * *
The orc high priest mumbles some strange prayers to Beogh.
The sixfirhy barely misses you.
The neqoxec gestures.
Okay, then.
Unknown command.
Unknown command.
Unknown command.
Memorise Passwall, consuming 2 spell levels and leaving 6?
The sixfirhy disappears in a puff of smoke!
The neqoxec gestures.
The ynoxinul gestures at you.
Your memorisation is interrupted.
The iron shot hits you!!
You die...

▓▓▓▓▓▓▓▓▓ ▓▓▓
▓33@#...#### ##.##
▓4o5#......#####..#_
▓55##....[..#..#..#.
▓##.##o##...#..#..##
##.##.###..##'#..#.
▓#.####5##..###...'3
▓)###..##..####5.5#.
▓#.o...##..###3...#.
###..##...##..5..#.


You could see an orc high priest, a neqoxec, a ynoxinul, a red devil, a quasit
and 2 shadow imps.

Vanquished Creatures
  A deep elf mage (D)
  A shadow (D)
  A spatial vortex (D)
  An orc warrior (D)
  A necrophage (D)
  2 two-headed ogres (D)
  A water elemental (D)
  A jelly (D)
  An orc priest (D)
  Jessica (D)
  A wizard (D)
  A necromancer (D)
  An orc wizard (D)
  A kobold demonologist (D)
  3 humans (D)
  A wolf (D)
  3 orcs (D)
  3 rats (D)
25 creatures vanquished.

Vanquished Creatures (others)
  2 draconian scorchers (D)
  6 hellions (D)
  3 yaktaurs (D)
11 creatures vanquished.

Grand Total: 36 creatures vanquished

Notes
Turn   | Place    | Note
-------+----------+-------------------------------------------
     0 | D        | MikeHunt the Deep Dwarf Earth Elementalist began the quest
                  | for the Orb.
     0 | D        | Reached XP level 1. HP: 15/15 MP: 3/3
    37 | D        | Noticed Jessica
    40 | D        | Killed Jessica
    40 | D        | Reached skill level 5 in Spellcasting
    40 | D        | Reached XP level 2. HP: 14/22 MP: 2/8
   103 | D        | Reached skill level 6 in Earth Magic
   103 | D        | Reached XP level 3. HP: 4/28 MP: 0/9
   103 | D        | Killed a hellion
   103 | D        | Killed a hellion
   108 | D        | Learned a level 3 spell: Stone Arrow
   134 | D        | Killed a hellion
   149 | D        | Killed a hellion
   152 | D        | Killed a hellion
   178 | D        | Reached skill level 1 in Conjurations
   187 | D        | Killed a white draconian scorcher
   196 | D        | Gained mutation: You occasionally shout uncontrollably at
                  | your foes. [potion of mutation]
   196 | D        | Gained mutation: You have large cloven feet. [potion of
                  | mutation]
   198 | D        | Lost mutation: You occasionally shout uncontrollably at
                  | your foes. [potion of mutation]
   198 | D        | Lost mutation: You have large cloven feet. [potion of
                  | mutation]
   198 | D        | Gained mutation: You are clumsy. (Dex -2) [potion of
                  | mutation]
   198 | D        | Gained mutation: You have a pair of small horns on your
                  | head. [potion of mutation]
   198 | D        | Gained mutation: You have a pair of horns on your head.
                  | [potion of mutation]
   199 | D        | Lost mutation: You are clumsy. (Dex -2) [potion of
                  | mutation]
   199 | D        | Gained mutation: You are weak. (Str -2) [potion of
                  | mutation]
   199 | D        | Gained mutation: You are partially covered in molten
                  | scales. (AC +2) [potion of mutation]
   200 | D        | Killed a white draconian scorcher
   208 | D        | Noticed a water elemental
   214 | D        | Killed a hellion
   226 | D        | Killed a yaktaur
   240 | D        | Killed a water elemental
   240 | D        | Reached skill level 8 in Earth Magic
   240 | D        | Reached XP level 4. HP: 36/36 MP: 4/11
   296 | D        | Found a radiant altar of Vehumet.
   297 | D        | Found a deep blue altar of Sif Muna.
   297 | D        | Noticed a wizard
   298 | D        | Killed a wizard
   298 | D        | Reached skill level 9 in Earth Magic
   298 | D        | Reached XP level 5. HP: 42/42 MP: 8/12
   299 | D        | Noticed a red devil
   302 | D        | Noticed a smoke demon
   303 | D        | Found an ancient bone altar of Kikubaaqudgha.
   319 | D        | Found a basalt altar of Yredelemnul.
   319 | D        | Found a shadowy altar of Dithmenos.
   319 | D        | Found a sacrificial altar of Ru.
   319 | D        | Noticed a necrophage
   320 | D        | Reached skill level 5 in Conjurations
   320 | D        | Reached skill level 10 in Earth Magic
   323 | D        | Killed a necrophage
   323 | D        | Reached skill level 11 in Earth Magic
   383 | D        | Learned a level 5 spell: Lee's Rapid Deconstruction
   412 | D        | Found a glowing silver altar of Zin.
   412 | D        | Found a glowing golden altar of the Shining One.
   412 | D        | Found a white marble altar of Elyvilon.
   415 | D        | Found a hide-covered altar of Uskayaw.
   415 | D        | Found a roughly hewn altar of Beogh.
   415 | D        | Found an iron altar of Okawaru.
   415 | D        | Found a bloodstained altar of Trog.
   415 | D        | Found an ornate altar of the Wu Jian Council.
   415 | D        | Noticed a human
   415 | D        | Noticed a human
   417 | D        | Killed a human
   417 | D        | Reached skill level 12 in Earth Magic
   417 | D        | Reached XP level 6. HP: 55/55 MP: 2/13
   417 | D        | Killed a human
   417 | D        | Reached skill level 5 in Dodging
   417 | D        | Reached XP level 7. HP: 65/65 MP: 2/14
   510 | D        | Noticed a shadow
   518 | D        | Killed a shadow
   518 | D        | Reached skill level 5 in Fighting
   518 | D        | Reached skill level 13 in Earth Magic
   577 | D        | Killed a yaktaur
   615 | D        | Found a blossoming altar of Fedhas.
   615 | D        | Found a stormy altar of Qazlal.
   615 | D        | Found a snail-covered altar of Cheibriados.
   615 | D        | Found a burning altar of Makhleb.
   615 | D        | Found a shimmering altar of Xom.
   615 | D        | Noticed a spatial vortex
   616 | D        | Found a hazy altar of Hepliaklqana.
   616 | D        | Found an opulent altar of Gozag.
   616 | D        | Found a sparkling altar of Nemelex Xobeh.
   616 | D        | Found a corrupted altar of Lugonu.
   616 | D        | Found a viscous altar of Jiyva.
   622 | D        | Became a worshipper of Makhleb the Destroyer
   623 | D        | Killed a spatial vortex
   660 | D        | Noticed a deep elf mage
   663 | D        | Killed a deep elf mage
   663 | D        | Reached skill level 14 in Earth Magic
   663 | D        | Reached XP level 8. HP: 40/79 MP: 5/15
   684 | D        | Killed a yaktaur
   695 | D        | Reached * piety under Makhleb
   819 | D        | Noticed an orc high priest
   827 | D        | Reached ** piety under Makhleb
   827 | D        | Reached skill level 5 in Invocations
   850 | D        | Noticed a sun demon
   935 | D        | Noticed a sixfirhy
   936 | D        | Noticed a red devil
   936 | D        | Killed from afar by a ynoxinul

Levels and vault maps discovered:
D:        dungeon_sprint_mu [sprint_mu_entry_cave, sprint_mu_temple_rooms,
          sprint_mu_d1_spiders, sprint_mu_d2_genie, sprint_mu_d3_branching,
          sprint_mu_orc_legion, sprint_mu_elf_gauntlet, sprint_mu_hive_nellie,
          sprint_mu_lair_fedhas, sprint_mu_vaults_butterflies,
          sprint_mu_slime_circle, sprint_mu_swamp_cave, sprint_mu_snake_twists,
          sprint_mu_blade_basic, sprint_mu_crypt_chambers,
          sprint_mu_tomb_spiral, sprint_mu_vestibule_basic,
          sprint_mu_gehenna_hellfire, sprint_mu_dis_giant,
          sprint_mu_tartarus_statrot, sprint_mu_cocytus_islands, sprint_mu_zot1]

Skill      XL: |  1  2  3  4  5  6  7  8 |
---------------+-------------------------+-----
Spellcasting   | 5 |  5.2
Earth Magic    | 6 8 9 12 14 | 14.5
Conjurations   | 3 4 6 |  6.5
Fighting       | 3 4 7 |  7.3
Dodging        | 4 5 8 9 |  9.1
Invocations    | 6 |  6.7
Stealth        | |  2.4
Transmutations | |  0.8

Action                   |  1- 3 |  4- 6 |  7- 9 || total
-------------------------+-------+-------+-------++-------
Melee: Unarmed           |    18 |       |       ||    18
       Dagger            |     3 |       |       ||     3
 Cast: Sandblast         |    12 |     5 |    10 ||    27
       Stone Arrow       |     1 |     3 |    14 ||    18
       Lee's Rapid Decon |       |     1 |     4 ||     5
Invok: Minor Destruction |       |       |     8 ||     8
 Abil: Heal Wounds       |     1 |       |     1 ||     2
  Use: Potion            |     3 |       |       ||     3
       Scroll            |       |     1 |       ||     1
 Stab: Sleeping          |     1 |       |       ||     1
  Eat: Ration            |       |       |     1 ||     1
Armor: Robe              |     6 |     2 |       ||     8
Dodge: Dodged            |    12 |     3 |     8 ||    23

Table legend:
 A = Non-vault XP
 B = Vault XP
 C = Vault XP percentage of total XP
 D = Non-vault monster count
 E = Vault monster count
 F = Vault count percentage of total count
                 A         B        C        D         E       F
            +---------+---------+-------+---------+---------+-------
      Total |       0 |    2219 | 100.0 |       0 |      25 | 100.0
            +---------+---------+-------+---------+---------+-------
          D |       0 |    2219 | 100.0 |       0 |      25 | 100.0
            +---------+---------+-------+---------+---------+-------
